 Dungeon Crawl Stone Soup version 0.28.0-43-g3370ac3207 (webtiles) character file.

Game seed: 7613089383461416233

9256 crimpus the Cleaver (level 11, -8/99 HPs)
             Began as a Minotaur Fighter on Mar 25, 2022.
             Was a High Priest of the Shining One.
             Mangled by Snorg (12 damage)
             ... on level 10 of the Dungeon.
             The game lasted 00:17:39 (13200 turns).

crimpus the Cleaver (Minotaur Fighter)             Turns: 13200, Time: 00:17:39

Health: -8/99      AC: 19    Str: 28    XL:     11   Next: 20%
Magic:  11/12      EV:  8    Int:  5    God:    the Shining One [*****.]
Gold:   450        SH:  0    Dex: 12    Spells: 10/10 levels left

rFire   . . .      SeeInvis +   s - +7 shortbow of Sharkskin {flame, rCorr Str+3}
rCold   + . .      Faith    +   (shield currently unavailable)
rNeg    + + .      Spirit   .   u - +3 plate armour {rC+}
rPois   .          Reflect  .   h - +2 hat
rElec   .          Harm     .   (no cloak)
rCorr   +          Rampage  .   (no gloves)
Will    .....                   (no boots)
Stlth   ..........              x - amulet of faith
HPRegen 0.26/turn               m - ring of see invisible
MPRegen 0.13/turn               (no ring)

@: glowing
A: horns 2, retaliatory headbutt, thin skeletal structure 1, mutation resistance
1
a: Renounce Religion, Divine Shield, Cleansing Flame, Summon Divine Warrior


You were on level 10 of the Dungeon.
You worshipped the Shining One.
The Shining One was extremely pleased with you.
You visited 2 branches of the dungeon, and saw 11 of its levels.
You also visited: Ossuary and Bailey.

You collected 512 gold pieces.
You spent 36 gold pieces at shops.
You donated 26 gold pieces to Zin.

Inventory:

Hand Weapons
 a - a +1 war axe
 s - the +7 shortbow of Sharkskin (weapon) {flame, rCorr Str+3}
   (You found it in a bailey)

   Any ammunition fired from it burns those it strikes, dealing additional fire
   damage.
   Str:       It affects your strength (+3).
   rCorr:     It protects you from acid and corrosion.
Missiles
 d - 38 arrows (quivered ammo)
Armour
 c - a +0 buckler
 h - a +2 hat (worn)
 o - a +0 chain mail
 u - a +3 plate armour of cold resistance (worn)
Jewellery
 m - a ring of see invisible (left hand)
 r - a ring of fire
 w - a ring of wizardry
 x - an amulet of faith (around neck)
 y - a ring of magical power
 z - an amulet of magic regeneration
 D - a ring of protection from cold
Wands
 g - a wand of acid (20)
 n - a wand of mindburst (9)
 p - a wand of flame (13)
 q - a wand of polymorph (21)
 t - a wand of iceblast (18)
Scrolls
 b - a scroll of amnesia
 i - 7 scrolls of identify
 v - 4 scrolls of vulnerability
 A - a scroll of teleportation
 B - a scroll of enchant weapon
Potions
 e - 2 potions of cancellation
 f - a potion of ambrosia
 j - 2 potions of brilliance
 k - a potion of curing
 l - a potion of flight
 C - a potion of mutation


   Skills:
 * Level 9.8 Fighting
 - Level 12.9 Axes
 * Level 5.8 Bows
 * Level 10.7 Armour
 - Level 0.5 Dodging
 * Level 7.2 Shields
 * Level 2.8 Invocations


You had 10 spell levels left.
You didn't know any spells.
Your spell library contained the following spells:

 Spells                   Type           Power      Damage    Failure   Level
 Animate Skeleton         Necr           0%         N/A       99%         1
 Pain                     Necr           0%         1d4       99%         1
 Summon Small Mammal      Summ           0%         N/A       99%         1
 Call Canine Familiar     Summ           0%         N/A       100%        3
 Gell's Gravitas          Tloc           0%         N/A       100%        3
 Lesser Beckoning         Tloc           0%         N/A       100%        3
 Summon Guardian Golem    Hex/Summ       0%         N/A       100%        3
 Teleport Other           Tloc           0%         N/A       100%        3
 Tukima's Dance           Hex            0%         N/A       100%        3
 Vampiric Draining        Necr           0%         2d6       100%        3
 Passage of Golubria      Tloc           0%         N/A       100%        4
 Yara's Violent Unravell  Hex/Tmut       0%         3d3       100%        5


Dungeon Overview and Level Annotations

Branches:
Dungeon (10/15)            Temple (1/1) D:6            Lair (0/6) D:10
    Orc (0/2) D:10        Ossuary (visited)          Bailey (visited)

Altars:
Ashenzari
Cheibriados
Dithmenos
Elyvilon
Fedhas
Gozag
Hepliaklqana
Kikubaaqudgha
Makhleb
Nemelex Xobeh
Okawaru
Qazlal
Ru
Sif Muna
Trog
Uskayaw
Vehumet
Xom
Yredelemnul
Zin
The Shining One

Shops:
D:10 (

Annotations:
D:6 2 transporters, Duder's ghost, novice MiBe
D:7 exclusion: oklob plant
D:10 Snorg


Innate Abilities, Weirdness & Mutations

You have a pair of horns on your head.
You reflexively headbutt those who attack you in melee.
You have a somewhat thin skeletal structure. (Dex +2, Stealth+)
You are somewhat resistant to further mutation.


Message History

Erolcha is lightly wounded.
You hear a shout!
You shoot an arrow. The arrow hits Erolcha!
The arrow burns Erolcha.
Erolcha is moderately wounded.
You shoot an arrow. The arrow hits Erolcha.
The arrow burns Erolcha.
Erolcha is heavily wounded.
Erolcha mumbles some strange words.
Erolcha flickers and vanishes for a moment.
You shoot an arrow. The arrow hits Erolcha.
The arrow burns Erolcha.
Erolcha is heavily wounded.
Erolcha hits you with a +0 giant spiked club!
Snorg the Insatiable comes into view.
You shoot an arrow.
The arrow hits Erolcha but does no damage.
Erolcha is heavily wounded.
Erolcha closely misses you. You furiously retaliate!
You headbutt Erolcha! You shoot an arrow. The arrow hits Erolcha!
The arrow burns Erolcha.
Erolcha is almost dead.
Erolcha barely misses you.
You shoot an arrow. The arrow hits Erolcha.
The arrow burns Erolcha.
Erolcha is almost dead.
Erolcha hits you with a +0 giant spiked club!
You shoot an arrow. The arrow hits Erolcha!
The arrow burns Erolcha.
You kill Erolcha!
The Shining One accepts your kill.
Snorg goes berserk!
You shoot an arrow. The arrow hits Snorg!!
The arrow burns Snorg.
Snorg is lightly wounded.
Snorg bites you!! Snorg claws you but does no damage. Snorg claws you.
You shoot an arrow. The arrow completely misses Snorg.
Snorg bites you! Snorg barely misses you. Snorg claws you! Snorg bites you!!
* * * LOW HITPOINT WARNING * * *
Snorg claws you but does no damage. x2
Snorg bites you but does no damage. Snorg claws you but does no damage. x2
Snorg bites you!
* * * LOW HITPOINT WARNING * * *
Snorg claws you but does no damage. Snorg claws you.
* * * LOW HITPOINT WARNING * * *
Snorg bites you but does no damage. Snorg barely misses you. Snorg claws you!
You die...

.......# #.
####'### #. ##...#
#(. #..### #.###
..## #().##
######## ###..#
.......# #####.##
.......#####..|.T.#
.......#......).@.#
.........###......#
..<....### #......#
.......# #......#
.......# #......#
.......# #......#
#.###### #......#
..# #####.## .##
##....####


You could see Snorg (berserk).

Vanquished Creatures
  Erolcha (D:10)
  Pikel (D:9)
  A deep elf pyromancer (D:8)
  A gargoyle (Bailey)
  A troll (D:10)
  Grinder (D:6)
  A hornet (D:8)
  Prince Ribbit (D:9)
  2 vampires (Bailey)
  11 yaks (D:10)
  2 wraiths (D:10)
  A steam dragon (D:8)
  A water moccasin (D:5)
  Duvessa (D:5)
  2 hornet zombies (D:7)
  An orc warrior (D:9)
  A black bear (D:6)
  A necrophage (D:4)
  2 ogres
  A centaur (D:8)
  3 phantoms
  A lemure (D:9)
  3 kobold brigands (D:9)
  Blork the orc (D:5)
  A gnoll sergeant (D:10)
  3 scorpions
  A wyvern zombie (D:7)
  A water moccasin zombie (D:7)
  Dowan (D:5)
  7 wights
  6 killer bees (D:9)
  3 howler monkeys (D:9)
  6 vampire bats (Bailey)
  6 wolf zombies (Bailey)
  4 centaur zombies
  3 hounds (D:5)
  3 orc priests (D:9)
  A centaur skeleton (D:6)
  2 human zombies
  7 jellies
  4 iguanas
  7 orc wizards
  5 mummies
  A howler monkey zombie (D:7)
  8 gnolls
  3 adders
  An ufetubus (D:5)
  3 adder zombies (Ossuary)
  2 dart slugs
  10 orcs
  21 endoplasms
  5 giant cockroaches
  A gnoll zombie (Ossuary)
  12 goblins
  5 hobgoblins
  3 jackals (D:4)
  17 kobolds
  4 quokkas
  11 ball pythons
  5 bats
  5 frilled lizards
  4 goblin zombies (Ossuary)
  2 hobgoblin zombies (Ossuary)
  2 kobold zombies (Ossuary)
  17 orc zombies (Bailey)
  3 quokka zombies (Ossuary)
  2 rats
  2 rat zombies (Ossuary)
262 creatures vanquished.

Vanquished Creatures (others)
  6 fungi (D:7)
6 creatures vanquished.

Grand Total: 268 creatures vanquished

Notes
Turn   | Place    | Note
-------+----------+-------------------------------------------
     0 | D:1      | crimpus the Minotaur Fighter began the quest for the Orb.
     0 | D:1      | Reached XP level 1. HP: 19/19 MP: 0/0
   217 | D:1      | Reached XP level 2. HP: 27/27 MP: 1/1
   490 | D:1      | Found a faded altar of an unknown god.
   574 | D:1      | Reached skill level 3 in Axes
   574 | D:1      | Reached XP level 3. HP: 32/33 MP: 2/2
  1977 | D:3      | Reached XP level 4. HP: 25/40 MP: 3/3
  2142 | D:3      | Found a broken altar of Ashenzari.
  2521 | D:4      | Found a shimmering altar of Xom.
  2565 | D:4      | Noticed a scorpion
  2571 | D:4      | Killed a scorpion
  2572 | D:4      | Reached skill level 4 in Axes
  2572 | D:4      | Reached XP level 5. HP: 31/46 MP: 4/4
  2989 | D:4      | Found a sand-covered staircase.
  2995 | Ossuary  | Entered an ossuary
  3001 | Ossuary  | Reached skill level 5 in Armour
  3001 | Ossuary  | HP: 1/47 [mummy (12)]
  3003 | Ossuary  | Reached skill level 5 in Axes
  3887 | Ossuary  | Reached XP level 6. HP: 53/53 MP: 5/5
  4576 | D:5      | Entered Level 5 of the Dungeon
  4618 | D:5      | Reached skill level 6 in Axes
  4943 | D:5      | Found a blossoming altar of Fedhas.
  5127 | D:5      | Noticed a water moccasin
  5137 | D:5      | Killed a water moccasin
  5138 | D:5      | Reached XP level 7. HP: 54/60 MP: 6/6
  5489 | D:5      | Reached skill level 5 in Fighting
  5583 | D:5      | Reached skill level 7 in Axes
  5653 | D:5      | Found an opulent altar of Gozag.
  5703 | D:5      | Found a radiant altar of Vehumet.
  6196 | D:6      | Noticed Duvessa
  6200 | D:6      | Reached skill level 8 in Axes
  6200 | D:6      | Reached XP level 8. HP: 53/69 MP: 7/7
  6200 | D:6      | Noticed Dowan
  6478 | D:6      | Found an ancient bone altar of Kikubaaqudgha.
  6527 | D:6      | Found a staircase to the Ecumenical Temple.
  6535 | Temple   | Entered the Ecumenical Temple
  6571 | Temple   | Became a worshipper of Zin the Law-Giver
  6571 | Temple   | Reached * piety under Zin
  6584 | Temple   | Fell from the grace of Zin
  6584 | Temple   | Became a worshipper of Elyvilon the Healer
  6595 | Temple   | Fell from the grace of Elyvilon
  6595 | Temple   | Became a worshipper of the Shining One
  6654 | D:6      | Noticed Grinder
  6656 | D:6      | Noticed Blork the orc
  6823 | D:5      | Killed Duvessa
  6830 | D:5      | Killed Dowan
  7120 | D:5      | Killed Blork the orc
  7121 | D:5      | Reached skill level 5 in Shields
  7258 | D:6      | Gained mutation: You are occasionally teleported next to
                  | monsters. [potion of mutation]
  7258 | D:6      | Lost mutation: You are occasionally teleported next to
                  | monsters. [potion of mutation]
  7258 | D:6      | Gained mutation: You have a somewhat thin skeletal
                  | structure. (Dex +2, Stealth+) [potion of mutation]
  7258 | D:6      | Gained mutation: You are somewhat resistant to further
                  | mutation. [potion of mutation]
  7266 | D:6      | Killed Grinder
  7267 | D:6      | Reached skill level 9 in Axes
  7452 | D:6      | Found a transporter.
  7453 | D:6      | Noticed Duder's ghost (novice MiBe)
  7502 | D:6      | Found a transporter.
  7700 | D:6      | Found a stormy altar of Qazlal.
  8002 | D:7      | Reached * piety under the Shining One
  8018 | D:7      | Reached XP level 9. HP: 71/78 MP: 8/8
  8200 | D:7      | Found a basalt altar of Yredelemnul.
  8215 | D:7      | Reached skill level 10 in Axes
  8297 | D:7      | Noticed an oklob plant
  8754 | D:7      | You fall into a shaft and drop 3 floors!
  8754 | D:10     | Entered Level 10 of the Dungeon
  8792 | D:10     | Reached skill level 11 in Axes
  9481 | D:9      | Reached ** piety under the Shining One
  9651 | D:8      | Found a shadowy altar of Dithmenos.
  9680 | D:8      | Found a flagged portal.
  9698 | Bailey   | Entered a bailey
  9872 | Bailey   | Noticed a gargoyle
  9886 | Bailey   | Killed a gargoyle
  9887 | Bailey   | Reached skill level 12 in Axes
  9887 | Bailey   | Reached XP level 10. HP: 28/90 MP: 9/9
 10598 | Bailey   | Identified the +7 shortbow of Sharkskin {flame, rCorr
                  | Str+3}
 10679 | Bailey   | Reached *** piety under the Shining One
 10793 | Bailey   | Reached **** piety under the Shining One
 10800 | Bailey   | Reached skill level 10 in Armour
 10964 | D:8      | Reached skill level 1 in Invocations
 11169 | D:8      | Noticed a deep elf pyromancer
 11188 | D:8      | Killed a deep elf pyromancer
 11306 | D:8      | Noticed a two-headed ogre
 11307 | D:8      | Noticed a cyclops
 11780 | D:9      | Reached skill level 1 in Bows
 11931 | D:9      | Found a sacrificial altar of Ru.
 11975 | D:9      | Noticed Prince Ribbit
 11989 | D:9      | Killed Prince Ribbit
 12121 | D:9      | Noticed Pikel
 12126 | D:9      | Killed Pikel
 12373 | D:10     | Found Vufuffaw's Weapon Boutique.
 12378 | D:10     | Bought 14 arrows for 36 gold pieces
 12421 | D:10     | Reached ***** piety under the Shining One
 12432 | D:10     | Found a staircase to the Orcish Mines.
 12533 | D:10     | Reached XP level 11. HP: 47/97 MP: 11/11
 12542 | D:10     | Reached skill level 5 in Bows
 13017 | D:10     | Found a staircase to the Lair.
 13107 | D:10     | Found an iron altar of Okawaru.
 13185 | D:10     | Noticed Erolcha
 13190 | D:10     | Noticed Snorg
 13194 | D:10     | Killed Erolcha
 13198 | D:10     | HP: 4/99 [Snorg (4)]
 13200 | D:10     | Mangled by Snorg

Illustrated notes

Levels and vault maps discovered:
D:1:      dpeg_arrival_erosion, layout_loops_ring,
          shapermc_ecumenical_altar_mp_highgroup, lemuel_old_faithful
D:2:      layout_loops_ring, kennysheep_generic_room_4
D:3:      layout_basic, ashenzari_conservatory_becter
D:4:      layout_gridville, old_standard_altar, enter_ossuary_2
D:5:      layout_basic, mainiacjoe_overflow_tiny_flanked, lemuel_round_altar,
          lemuel_crystal_altar, hangedman_minor_gate_pass
D:6:      layout_loops_ring, nicolae_qazlal_scattered_showers,
          mainiacjoe_overflow_catwalk, minmay_temple_entry_trees,
          gammafunk_ghost_stat_death, uniq_duvessa, uniq_blork_the_orc,
          uniq_grinder
D:7:      lemuel_slime, layout_rooms, lemuel_mausoleum_altar_yredelemnul,
          nzn_wu_jian_council_hall, uniq_maggie
D:8:      layout_cave_pools, kennysheep_mini, enter_bailey_5, nicolae_sextant,
          minmay_statues_item, lightli_corner_chamber
D:9:      layout_loops_cross, nicolae_ru_great_annihilating_truth, minivault_22,
          uniq_pikel, uniq_prince_ribbit1
D:10:     layout_roguey, general_overflow_altar, lair_entry_dummy, orc_0_dummy,
          serial_shops, nicolae_shop_hallway_plus, uniq_snorg, uniq_erolcha
Temple:   cyrus_temple_forest

Skill      XL: |  1  2  3  4  5  6  7  8  9 10 11 |
---------------+----------------------------------+-----
Armour         | 4 5 6 7 8 9 10 | 10.7
Shields        | 4 5 6 7 |  7.2
Axes           | 3 4 5 6 8 9 12 | 12.9
Fighting       | 4 5 6 8 9 |  9.8
Invocations    | 2 |  2.8
Bows           | 4 5 |  5.8
Dodging        | |  0.5

Action                   |  1- 3 |  4- 6 |  7- 9 | 10-12 || total
-------------------------+-------+-------+-------+-------++-------
Melee: War axe           |    95 |   117 |   257 |   108 ||   577
       Headbutt          |    13 |    16 |    59 |    31 ||   119
 Fire: Shortbow          |       |       |       |    97 ||    97
Invok: Divine Shield     |       |       |       |     2 ||     2
  Use: Scroll            |     5 |    13 |     1 |       ||    19
       Potion            |       |     2 |    12 |     3 ||    17
Armor: Scale mail        |    47 |       |       |       ||    47
       Chain mail        |     8 |    61 |   150 |     4 ||   223
       Skin              |       |     7 |       |       ||     7
       Plate armour      |       |       |       |   113 ||   113
Dodge: Dodged            |    47 |    35 |    87 |    47 ||   216
Block: Buckler           |    24 |    26 |    55 |    34 ||   139
